 Dungeon Sprint DCSS version 0.24.0-37-gcf1ca852f1 (webtiles) character file.

Game seed: 7562833869635825862, levelgen mode: deterministic

498505 Burgietje the End of an Era (level 20, 157/157 HPs)
             Began as a Gargoyle Monk on Nov 26, 2019.
             Was the Champion of Qazlal.
             Escaped with the Orb!
             The game lasted 00:14:24 (3273 turns).

Burgietje the End of an Era (Gargoyle Monk)         Turns: 3273, Time: 00:14:24

Health: 157/157    AC: 44    Str: 31    XL:     20   Next: 26%
Magic:  33/46      EV: 27    Int: 14    God:    Qazlal [******]
Gold:   0          SH: 38    Dex: 22    Spells: 64/64 levels left

rFire    + . .     SeeInvis .   E - +16 lance "Wyrmbane" {slay drac, rPois rF+ rC+ AC+3}
rCold    + + +     Gourm    .   y - +1 large shield {reflect}
rNeg     + . .     Faith    .   j - +5 gold dragon scales
rPois    ∞         Spirit   .   K - +2 helmet "Ampicwy" {Int+7 Dex+6 Stlth-}
rElec    +         Reflect  +   H - +2 cloak
rCorr    .         Harm     .   (no gloves)
MR       ++++.     NoTele   +   (no boots)
Stlth    ..........             I - amulet "Raadoob" {RegenMP Str+2}
HPRegen  0.36/turn              C - +6 ring of strength
MPRegen  0.55/turn              a - ring "Duol Risch" {Ice rPois MR+++ Int-5 Dex+4}

@: corroded, flying, studying 3 skills, repel missiles
A: big wings, deformed body, negative energy resistance 1, electricity
resistance, unbreathing, petrification resistance, no potion heal 1, rot
immunity, AC +15
0: Orb of Zot
a: Stop Flying, Upheaval, Elemental Force, Disaster Area, Renounce Religion


You escaped.
You worshipped Qazlal.
Qazlal was exalted by your worship.
You were near starving.

You visited 1 branch

Inventory:

Hand Weapons
 E - the +16 lance "Wyrmbane" (weapon) {slay drac, rPois rF+ rC+ AC+3}
   (You found it in the Dungeon)

   It affects your AC (+3).
   It protects you from fire.
   It protects you from cold.
   It protects you from poison.
Armour
 j - +5 gold dragon scales (worn)
 k - a +3 large shield
 y - a +1 large shield of reflection (worn)
 H - a +2 cloak (worn)
 K - the +2 helmet "Ampicwy" (worn) {Int+7 Dex+6 Stlth-}
   (You found it in the Dungeon)

   It affects your intelligence (+7).
   It affects your dexterity (+6).
   It makes you less stealthy.
 V - the +0 pair of boots "Bienen" {Str+5}
   (You found it in the Dungeon)

   It affects your strength (+5).
Jewellery
 a - the ring "Duol Risch" (right hand) {Ice rPois MR+++ Int-5 Dex+4}
   (You found it in the Dungeon)

   [ring of ice]

   It enhances your ice magic.
   It affects your intelligence (-5).
   It affects your dexterity (+4).
   It makes you vulnerable to fire.
   It protects you from cold.
   It protects you from poison.
   It affects your resistance to hostile enchantments.
 u - the ring of Madeas {rElec Stlth-}
   (You found it in the Dungeon)

   [ring of attention]

   It insulates you from electricity.
   It makes you less stealthy.
 z - the ring "Tuup" {Str+4 Int+6}
   (You found it in the Dungeon)

   [ring of intelligence]

   It affects your strength (+4).
   It affects your intelligence (+6).
 B - an uncursed amulet of regeneration
 C - a +6 ring of strength (left hand)
 D - the ring "Boivit" {*Slow rCorr Int+7 Stlth+}
   (You found it in the Dungeon)

   [ring of resist corrosion]

   It affects your intelligence (+7).
   It provides partial protection from all sources of acid and corrosion.
   It may slow you when you take damage.
   It makes you more stealthy.
 F - the ring of the Pure Friends {rC+ rN+ rCorr SInv}
   (You found it in the Dungeon)

   [ring of resist corrosion]

   It protects you from cold.
   It protects you from negative energy.
   It lets you see invisible.
   It provides partial protection from all sources of acid and corrosion.
 G - an uncursed ring of wizardry
 I - the amulet "Raadoob" (around neck) {RegenMP Str+2}
   (You found it in the Dungeon)

   [amulet of magic regeneration]

   It increases your magic regeneration.
   It affects your strength (+2).
 N - the ring of Sif Muna's Vengeance {Wiz Dex+7}
   (You found it in the Dungeon)

   [ring of wizardry]

   It improves your spell success rate.
   It affects your dexterity (+7).
 O - the ring of the Tick {rCorr Dex+5}
   (You found it in the Dungeon)

   [ring of resist corrosion]

   It affects your dexterity (+5).
   It provides partial protection from all sources of acid and corrosion.
 P - a +4 ring of protection
 Q - an uncursed ring of stealth
 R - an uncursed amulet of harm
 S - the ring "Qehuoji" {Fire Int+6 Dex+3}
   (You found it in the Dungeon)

   [ring of fire]

   It enhances your fire magic.
   It affects your intelligence (+6).
   It affects your dexterity (+3).
   It protects you from fire.
   It makes you vulnerable to cold.
 T - a +3 ring of evasion
 U - an uncursed ring of stealth
Scrolls
 b - 7 scrolls of brand weapon
 i - 4 scrolls of blinking
 l - 4 scrolls of amnesia
 m - 8 scrolls of fog
 n - 2 scrolls of holy word
 o - 5 scrolls of identify
 p - 5 scrolls of remove curse
 q - 2 scrolls of fear
 x - 4 scrolls of enchant armour
 M - 8 scrolls of enchant weapon
Potions
 d - 10 potions of curing
 e - 14 potions of heal wounds
 f - 14 potions of haste
 g - 6 potions of magic
 h - 3 potions of berserk rage
 r - 2 potions of brilliance
 s - 2 potions of invisibility
 t - 4 potions of resistance
 v - 7 potions of agility
 w - 5 potions of might
Books
 A - a manual of Slings
 J - a manual of Short Blades
 L - a manual of Slings
 W - a manual of Translocations
Comestibles
 c - 8 rations


   Skills:
 O Level 27 Fighting
 - Level 12.7 Polearms
 O Level 27 Armour
 O Level 27 Dodging
 - Level 2.1 Stealth
 O Level 27 Shields
 + Level 22.8 Spellcasting
   Level 15.4 Conjurations
 O Level 27 Invocations


You had 64 spell levels left.
You didn't know any spells.
Your spell library was empty.

Dungeon Overview and Level Annotations

Branches:
Dungeon (1/1)

Altars:
Ashenzari
Cheibriados
Dithmenos
Elyvilon
Fedhas
Gozag
Hepliaklqana
Kikubaaqudgha
Makhleb
Nemelex Xobeh
Okawaru
Qazlal
Ru
Sif Muna
Trog
Uskayaw
Vehumet
Wu Jian
Xom
Yredelemnul
Zin
The Shining One
Beogh
Jiyva
Lugonu


Innate Abilities, Weirdness & Mutations

You are resistant to torment.
Your stone body is resilient. (AC +15)
You are immune to poison.
Your large and strong wings let you fly indefinitely.
You resist negative energy. (rN+)
You are resistant to electric shocks. (rElec)
You can survive without breathing.
You are immune to petrification.
You are immune to rotting.
Armour fits poorly on your strangely shaped body.
Potions are less effective at restoring your health.


Message History

Things that are here:
a +0 shortbow of flaming; a sack of spiders
Found a phantom mirror.
Things that are here:
a +2 hunting sling of freezing; a phial of floods
W - a manual of Translocations
b - 7 scrolls of brand weapon (gained 1)
Things that are here:
a +2 hunting sling of freezing; a phial of floods
There is a transporter here.
An exit appears before you!
You enter the transporter and appear at another place.
Found the Orb of Zot.
You see here the Orb of Zot.
You pick up the Orb of Zot!
The Orb lets out a hideous shriek!
The lords of Pandemonium are not amused.
Beware!
Now all you have to do is get back out of the dungeon!
Found a staircase leading out of the dungeon.
There is a staircase leading out of the dungeon here.
You have escaped!

...}...|....▓......)......▓...8©8
...)).......▓..▓...÷)..▓..▓..)..)
...)........▓......[.)....▓......
....).......▓.....)..†....▓......
.≈.≈........▓.....†©......▓......
............▓▓▓▓▓▓▓▓▓▓▓▓▓▓▓......
▓.≈.....▓...▓8888888888888▓......
▓▓≈....▓▓▓..▓8.....§.....8▓..▓...
▓..≈....▓...▓8.○@.....©..8▓.▓....
..≈.........▓8..○○.......8▓....©≈
....©≈......▓8888888888888▓▓▓▓▓▓▓
▓▓▓▓▓▓▓▓▓▓▓▓▓▓▓▓▓▓▓▓▓▓▓▓▓▓▓▓▓▓▓▓▓
)}...8©8..).....▓........8©8.....
...|:[..||).[.).▓.:}..}:.)})::.||
....|)......|.).▓..|:}})|)|)"|)::
|.[...)}|.:))...▓.).)))|.|[[.}[:)
.)..............▓.......:)}).....


There were no monsters in sight!

Vanquished Creatures
  An ancient lich (D)
  2 greater mummies (D)
  A shard shrike (D)
  2 bone dragons (D)
  A doom hound (D)
  2 iron giants (D)
  A Tzitzimitl (D)
  3 liches (D)
  11 titans (D)
  12 acid blobs (D)
  4 storm dragons (D)
  8 shadow dragons (D)
  8 azure jellies (D)
  2 draconian scorchers (D)
  7 frost giants (D)
  4 ghost moths (D)
  11 fire giants (D)
  An emperor scorpion (D)
  A draconian shifter (D)
  8 ghouls (D)
  8 reapers (D)
  A draconian annihilator (D)
  3 entropy weavers (D)
  14 stone giants (D)
  A very ugly thing (D)
  2 green draconians (D)
  A white draconian (D)
  A black draconian (D)
  A purple draconian (D)
  4 red draconians (D)
  A yellow draconian (D)
  A mummy priest (D)
  2 blizzard demons (D)
  7 ettins (D)
  11 fire dragons (D)
  8 death oozes (D)
  A hydra (D)
  18 vault guards (D)
  5 great orbs of eyes (D)
  An ice dragon (D)
  3 spriggan air magi (D)
  A death scarab (D)
  A centaur warrior (D)
  6 two-headed ogres (D)
  3 hell hogs (D)
  11 soul eaters (D)
  A deep elf knight (D)
  A shadow wraith (D)
  6 skeletal warriors (D)
  A deep elf archer (D)
  A shadow demon (D)
  2 glowing orange brains (D)
  A flayed ghost (D)
  2 phantasmal warriors (D)
  3 orb spiders (D)
  10 cyclopes (D)
  8 shining eyes (D)
  11 wolf spiders (D)
  3 ugly things (D)
  3 deep elf magi (D)
  5 moths of wrath (D)
  4 rust devils (D)
  A black mamba (D)
  A vault sentinel (D)
  A spiny frog (D)
  A torpor snail (D)
  5 eyes of devastation (D)
  A hellion (D)
  A yaktaur (shapeshifter) (D)
  5 efreet (D)
  5 freezing wraiths (D)
  2 tormentors (D)
  2 komodo dragons (D)
  8 demonic crawlers (D)
  3 yaktaurs (D)
  8 ice devils (D)
  3 guardian mummies (D)
  A queen bee (shapeshifter) (D)
  A troll (shapeshifter) (D)
  A troll (D)
  4 wind drakes (D)
  5 jumping spiders (D)
  6 hornets (D)
  A wind drake (shapeshifter) (D)
  29 slime creatures (D)
  3 hippogriffs (D)
  6 flying skulls (D)
  8 redbacks (D)
  3 air elementals (D)
  6 tarantellas (D)
  A wyvern (shapeshifter) (D)
  5 fire elementals (D)
  2 neqoxecs (D)
  4 golden eyes (D)
  A basilisk (D)
  2 insubstantial wisps (D)
  9 hell hounds (D)
  2 water moccasins (D)
  2 floating eyes (D)
  2 ice beasts (D)
  3 orc warriors (D)
  2 eyes of draining (D)
  2 necrophages (D)
  A wolf (D)
  An ogre (D)
  2 crocodiles (D)
  A bullfrog (D)
  A wight (D)
  A quasit (D)
  5 iron imps (D)
  3 jellies (D)
  3 orc priests (D)
  6 orc wizards (D)
  3 mummies (D)
  2 adders (D)
  5 shadow imps (D)
  7 white imps (D)
  An ufetubus (D)
  12 adder zombies (D)
  9 adder skeletons (D)
  A worm (shapeshifter) (D)
  2 orcs (D)
  12 bat skeletons (D)
  10 bat zombies (D)
  A ball python zombie (D)
  2 giant cockroach zombies (D)
  2 jackal zombies (D)
  A leopard gecko skeleton (D)
  4 leopard gecko zombies (D)
  2 quokka skeletons (D)
  A quokka zombie (D)
  4 fire vortices (D)
531 creatures vanquished.

Vanquished Creatures (collateral kills)
  A dancing weapon (D)
1 creature vanquished.

Grand Total: 532 creatures vanquished

Notes
Turn   | Place    | Note
-------+----------+-------------------------------------------
     0 | D        | Burgietje the Gargoyle Monk began the quest for the Orb.
     0 | D        | Reached XP level 1. HP: 14/14 MP: 1/1
     3 | D        | Found a blossoming altar of Fedhas.
     4 | D        | Found the +6 Majin-Bo {vamp, Archmagi MP+6 Int+6}
     4 | D        | Found the +7 great mace "Firestarter" {inner flame, rF++}
     5 | D        | Found a viscous altar of Jiyva.
     5 | D        | Found a hazy altar of Hepliaklqana.
     5 | D        | Found a transporter.
     5 | D        | Found an opulent altar of Gozag.
     5 | D        | Found an ancient bone altar of Kikubaaqudgha.
     5 | D        | Found a corrupted altar of Lugonu.
     8 | D        | Found a burning altar of Makhleb.
     9 | D        | Found a sacrificial altar of Ru.
     9 | D        | Found a stormy altar of Qazlal.
     9 | D        | Found a shimmering blue altar of Sif Muna.
     9 | D        | Found an iron altar of Okawaru.
     9 | D        | Found a bloodstained altar of Trog.
     9 | D        | Found a sparkling altar of Nemelex Xobeh.
    29 | D        | Found the +6 shillelagh "Devastator" {shatter}
    29 | D        | Found the +11 plutonium sword {*Contam Stlth-}
    29 | D        | Found the +8 lance "Wyrmbane" {slay drac, rPois rF+ rC+
                  | AC+3}
    29 | D        | Found the +9 sword of Zonguldrok {reap}
    29 | D        | Found the cursed +13 scythe of Curses {drain, *Curse}
    29 | D        | Found the +0 sword of Power
    29 | D        | Found the +7 mace of Variability {chain chaos}
    29 | D        | Found the +7 Singing Sword {slice, sonic wave}
    29 | D        | Found the +8 storm bow {elec, penet}
    64 | D        | Became a worshipper of Qazlal Stormbringer
    64 | D        | Reached * piety under Qazlal
    64 | D        | Reached ** piety under Qazlal
    72 | D        | Reached XP level 2. HP: 19/19 MP: 1/7
   134 | D        | Entered arena 2.
   134 | D        | Found a transporter.
   140 | D        | Reached XP level 3. HP: 24/24 MP: 8/8
   146 | D        | Entered arena 3.
   146 | D        | Found a transporter.
   154 | D        | Reached *** piety under Qazlal
   188 | D        | Entered arena 4.
   188 | D        | Noticed a +0 vampiric short sword
   188 | D        | Noticed a deep elf knight
   188 | D        | Noticed a deep elf archer
   188 | D        | Noticed a deep elf mage
   188 | D        | Found a transporter.
   191 | D        | Killed a +0 vampiric short sword
   191 | D        | Reached XP level 4. HP: 33/36 MP: 2/11
   191 | D        | Reached XP level 5. HP: 37/40 MP: 2/13
   191 | D        | Reached XP level 6. HP: 42/45 MP: 2/14
   196 | D        | Noticed a soul eater
   197 | D        | Noticed a redback
   197 | D        | Noticed a redback
   198 | D        | Killed a deep elf mage
   198 | D        | Reached skill level 10 in Fighting
   198 | D        | Reached XP level 7. HP: 42/52 MP: 3/16
   207 | D        | Killed a deep elf knight
   207 | D        | Reached XP level 8. HP: 44/59 MP: 4/17
   229 | D        | Killed a deep elf archer
   229 | D        | Reached **** piety under Qazlal
   317 | D        | Entered arena 5.
   317 | D        | Noticed a purple ugly thing
   317 | D        | Noticed a wyvern
   317 | D        | Noticed a queen bee
   317 | D        | a hog changed into a queen bee
   317 | D        | Found a transporter.
   318 | D        | Killed a wyvern
   318 | D        | Reached skill level 10 in Polearms
   318 | D        | Reached XP level 9. HP: 65/65 MP: 19/19
   326 | D        | Killed a queen bee
   329 | D        | Killed a purple ugly thing
   371 | D        | Entered arena 6.
   371 | D        | Found a transporter.
   372 | D        | Identified the +8 fustibalus "Goblinslayer" {freeze, rElec
                  | rF- Dex+6}
   376 | D        | Reached ***** piety under Qazlal
   395 | D        | Entered arena 7.
   396 | D        | Found a transporter.
   409 | D        | Reached ****** piety under Qazlal
   417 | D        | Entered arena 8.
   417 | D        | Noticed a vault guard
   417 | D        | Noticed a deep elf mage
   417 | D        | Noticed a vault sentinel
   417 | D        | Noticed a freezing wraith
   417 | D        | Noticed a deep elf mage
   417 | D        | Noticed a vault guard
   418 | D        | Killed a freezing wraith
   418 | D        | Killed a deep elf mage
   418 | D        | Killed a vault sentinel
   418 | D        | Reached skill level 15 in Invocations
   418 | D        | Reached XP level 10. HP: 74/74 MP: 19/21
   419 | D        | Found a transporter.
   423 | D        | Killed a vault guard
   428 | D        | Killed a vault guard
   432 | D        | Killed a deep elf mage
   478 | D        | Entered arena 9.
   478 | D        | Noticed a brown ugly thing
   478 | D        | Noticed a brown ugly thing
   479 | D        | Found a transporter.
   485 | D        | Noticed a black mamba
   485 | D        | a hornet changed into a black mamba
   491 | D        | Reached skill level 15 in Fighting
   495 | D        | Gained mutation: Armour fits poorly on your strangely
                  | shaped body. [a neqoxec]
   498 | D        | Killed a green ugly thing
   503 | D        | Killed a green ugly thing
   503 | D        | Reached XP level 11. HP: 57/83 MP: 23/23
   520 | D        | Got the amulet "Vaotryug" {-Tele rElec Regen+ MP+9 Stlth+}
   625 | D        | Entered arena 10.
   625 | D        | Noticed a fire dragon
   625 | D        | Noticed a vault guard
   625 | D        | Noticed a vault guard
   625 | D        | Noticed a centaur warrior
   625 | D        | Noticed a red very ugly thing
   626 | D        | Killed a shadow wraith
   626 | D        | Killed a vault guard
   628 | D        | Found a transporter.
   630 | D        | Killed a red very ugly thing
   633 | D        | Killed a vault guard
   636 | D        | Killed a fire dragon
   638 | D        | Killed a centaur warrior
   684 | D        | Entered arena 11.
   685 | D        | Found a transporter.
   762 | D        | Entered arena 12.
   762 | D        | Noticed a two-headed ogre
   762 | D        | Noticed a two-headed ogre
   762 | D        | Noticed a two-headed ogre
   762 | D        | Noticed a stone giant
   762 | D        | Noticed a two-headed ogre
   762 | D        | Noticed a two-headed ogre
   762 | D        | Noticed a two-headed ogre
   762 | D        | Noticed a fire giant
   765 | D        | Killed a two-headed ogre
   765 | D        | Killed a two-headed ogre
   765 | D        | Reached XP level 12. HP: 94/94 MP: 20/25
   765 | D        | Killed a two-headed ogre
   765 | D        | Killed a two-headed ogre
   765 | D        | Killed a two-headed ogre
   772 | D        | Killed a two-headed ogre
   776 | D        | Killed a stone giant
   783 | D        | Killed a fire giant
   784 | D        | Found a transporter.
   876 | D        | Entered arena 13.
   876 | D        | Noticed a death scarab
   876 | D        | Noticed a mummy priest
   877 | D        | Found the +7 lajatang of Order {silver, rMut}
   877 | D        | Noticed a greater mummy
   877 | D        | Identified the cursed +1 robe of Wopneodd {Int+3}
   877 | D        | Noticed a greater mummy
   878 | D        | Killed a mummy priest
   879 | D        | Killed a death scarab
   879 | D        | Killed a greater mummy
   879 | D        | Reached XP level 13. HP: 79/105 MP: 19/28
   879 | D        | Killed a greater mummy
   892 | D        | Found a transporter.
   981 | D        | Entered arena 14.
  1019 | D        | Found a transporter.
  1178 | D        | Entered arena 15.
  1178 | D        | Noticed a blizzard demon
  1181 | D        | Killed a blizzard demon
  1182 | D        | Found a transporter.
  1189 | D        | Got the ring "Duol Risch" {Ice rPois MR+++ Int-5 Dex+4}
  1194 | D        | Got the amulet "Caggaroa" {Acrobat rC+ Int-3 Dex+5}
  1261 | D        | Entered arena 16.
  1261 | D        | Noticed a green draconian annihilator
  1261 | D        | Noticed a red draconian
  1261 | D        | Noticed a red draconian
  1261 | D        | Noticed a red draconian
  1261 | D        | Noticed a red draconian scorcher
  1262 | D        | Noticed a green draconian scorcher
  1262 | D        | Noticed a green draconian
  1262 | D        | Noticed a green draconian shifter
  1262 | D        | Noticed a purple draconian
  1262 | D        | Noticed a black draconian
  1262 | D        | Noticed a white draconian
  1263 | D        | Found the +3 Elemental Staff {rElec rF++ rC++ MR++ AC+5}
  1263 | D        | Noticed a red draconian
  1263 | D        | Noticed a green draconian
  1263 | D        | Noticed a yellow draconian
  1264 | D        | Killed a white draconian
  1264 | D        | Killed a green draconian
  1264 | D        | Killed a green draconian scorcher
  1264 | D        | Killed a red draconian
  1264 | D        | Killed a black draconian
  1264 | D        | Gained mutation: Your large and strong wings let you fly
                  | indefinitely. [Gargoyle growth]
  1264 | D        | Reached XP level 14. HP: 100/116 MP: 28/30
  1264 | D        | Killed a red draconian
  1264 | D        | Killed a yellow draconian
  1264 | D        | Killed a red draconian scorcher
  1264 | D        | Killed a green draconian shifter
  1264 | D        | Killed a purple draconian
  1264 | D        | Killed a green draconian
  1264 | D        | Killed a red draconian
  1265 | D        | Found a transporter.
  1269 | D        | Killed a red draconian
  1281 | D        | Killed a green draconian annihilator
  1517 | D        | Entered arena 17.
  1525 | D        | Found a transporter.
  1526 | D        | Found the +2 Maxwell's thermic engine {flame, freeze}
  1540 | D        | Got the ring of Xom's Recklessness {Fire rPois MR++ Str-4}
  1557 | D        | Entered arena 18.
  1558 | D        | Noticed a storm dragon
  1559 | D        | Noticed a titan
  1559 | D        | Noticed a storm dragon
  1559 | D        | Noticed a storm dragon
  1559 | D        | Noticed a storm dragon
  1560 | D        | Noticed a titan
  1561 | D        | Found the +8 glaive of the Guard {elec, +Rage AC+5 SInv}
  1561 | D        | Killed a storm dragon
  1561 | D        | Killed a storm dragon
  1561 | D        | Killed a storm dragon
  1561 | D        | Killed a storm dragon
  1561 | D        | Reached skill level 27 in Invocations
  1561 | D        | Killed a titan
  1561 | D        | Reached XP level 15. HP: 113/126 MP: 32/32
  1561 | D        | Killed a titan
  1561 | D        | Reached skill level 27 in Fighting
  1561 | D        | Reached skill level 5 in Armour
  1566 | D        | Found a transporter.
  1625 | D        | Entered arena 19.
  1628 | D        | Noticed a fire giant
  1635 | D        | Noticed a fire giant
  1648 | D        | Reached skill level 10 in Armour
  1648 | D        | Killed a fire giant
  1657 | D        | Killed a fire giant
  1670 | D        | Found a transporter.
  1912 | D        | Entered arena 20.
  1916 | D        | Noticed a fire giant
  1916 | D        | Noticed a fire giant
  1916 | D        | Noticed a fire giant
  1917 | D        | Noticed a fire giant
  1917 | D        | Identified the +8 fire dragon scales "Reom Sim" {rF++ rC-
                  | Str+4 Slay-6 Stlth+}
  1922 | D        | Reached skill level 15 in Armour
  1923 | D        | Killed a fire giant
  1923 | D        | Killed a fire giant
  1923 | D        | Killed a fire giant
  1925 | D        | Killed a fire giant
  1929 | D        | Found a transporter.
  2214 | D        | Entered arena 21.
  2217 | D        | Noticed a lich
  2218 | D        | Noticed a lich
  2218 | D        | Noticed a shadow dragon
  2218 | D        | Noticed a lich
  2219 | D        | Identified the +7 whip "Pewiyczo" {flame, rPois Dex+6}
  2219 | D        | Noticed an ancient lich
  2220 | D        | Found the +10 morningstar "Eos" {elec, Halo rElec}
  2220 | D        | Killed a shadow dragon
  2220 | D        | Killed a lich
  2220 | D        | Killed a lich
  2220 | D        | Reached skill level 10 in Dodging
  2220 | D        | Reached XP level 16. HP: 113/133 MP: 33/33
  2220 | D        | Killed a lich
  2220 | D        | Killed an ancient lich
  2222 | D        | Found a transporter.
  2303 | D        | Entered arena 22.
  2306 | D        | Noticed an iron giant
  2306 | D        | Noticed an iron giant
  2309 | D        | Reached skill level 15 in Dodging
  2309 | D        | Killed an iron giant
  2309 | D        | Killed an iron giant
  2311 | D        | Found the +8 demon blade "Leech" {vamp, rN+ AC-3 EV-3}
  2312 | D        | Found a transporter.
  2321 | D        | Got the amulet "Nysula" {RegenMP *Drain rPois rC+}
  2339 | D        | Entered arena 23.
  2344 | D        | Noticed a shard shrike
  2348 | D        | Reached XP level 17. HP: 139/139 MP: 34/34
  2348 | D        | Killed a shard shrike
  2348 | D        | Reached skill level 27 in Armour
  2353 | D        | Found a transporter.
  2379 | D        | Entered arena 24.
  2384 | D        | Noticed an acid blob
  2384 | D        | Noticed an acid blob
  2384 | D        | Noticed an acid blob
  2384 | D        | Noticed an acid blob
  2385 | D        | Noticed an acid blob
  2385 | D        | Noticed an acid blob
  2386 | D        | Found the +8 arc blade {discharge, rElec}
  2386 | D        | Killed an acid blob
  2386 | D        | Killed an acid blob
  2386 | D        | Killed an acid blob
  2387 | D        | Killed an acid blob
  2387 | D        | Killed an acid blob
  2387 | D        | Killed an acid blob
  2389 | D        | Found the +0 pair of fencer's gloves {Riposte Dex+3}
  2390 | D        | Found a transporter.
  2420 | D        | Got the amulet "Raadoob" {RegenMP Str+2}
  2490 | D        | Entered arena 25.
  2495 | D        | Noticed a titan
  2495 | D        | Noticed a titan
  2495 | D        | Noticed a titan
  2496 | D        | Noticed a titan
  2496 | D        | Noticed a titan
  2496 | D        | Noticed a titan
  2497 | D        | Noticed a titan
  2497 | D        | Noticed a titan
  2497 | D        | Noticed a titan
  2498 | D        | Found the +8 trident of the Octopus King {venom, rElec
                  | rPois MR+}
  2498 | D        | Killed a titan
  2498 | D        | Killed a titan
  2498 | D        | Killed a titan
  2498 | D        | Reached XP level 18. HP: 141/145 MP: 35/35
  2498 | D        | Killed a titan
  2499 | D        | Reached skill level 27 in Dodging
  2499 | D        | Killed a titan
  2501 | D        | Killed a titan
  2503 | D        | Reached skill level 10 in Shields
  2503 | D        | Killed a titan
  2503 | D        | Killed a titan
  2503 | D        | Reached skill level 15 in Shields
  2511 | D        | Killed a titan
  2521 | D        | Found a transporter.
  2540 | D        | Got the +2 helmet "Ampicwy" {Int+7 Dex+6 Stlth-}
  2790 | D        | Entered arena 26.
  2800 | D        | Reached XP level 19. HP: 151/151 MP: 36/36
  2800 | D        | Gained mutation: Potions are less effective at restoring
                  | your health. [a shining eye]
  2805 | D        | Found a transporter.
  2813 | D        | Got the ring of Madeas {rElec Stlth-}
  2819 | D        | Got the ring "Tuup" {Str+4 Int+6}
  2835 | D        | Got the ring "Boivit" {*Slow rCorr Int+7 Stlth+}
  2842 | D        | Got the ring of the Pure Friends {rC+ rN+ rCorr SInv}
  2872 | D        | Entered arena 27.
  2872 | D        | Noticed a doom hound
  2872 | D        | Identified the +2 hunting sling of Peril {venom, rF+ rN+
                  | Int+2}
  2880 | D        | Killed a doom hound
  2880 | D        | Reached skill level 27 in Shields
  2887 | D        | Noticed a bone dragon
  2899 | D        | Noticed a bone dragon
  2904 | D        | Reached skill level 5 in Spellcasting
  2904 | D        | Reached skill level 10 in Conjurations
  2904 | D        | Reached skill level 10 in Spellcasting
  2904 | D        | Reached skill level 15 in Conjurations
  2906 | D        | Noticed a Tzitzimitl
  2908 | D        | Killed a bone dragon
  2921 | D        | Killed a bone dragon
  2921 | D        | Reached skill level 15 in Spellcasting
  2939 | D        | Killed a Tzitzimitl
  2977 | D        | Found a transporter.
  2989 | D        | Got the ring of Sif Muna's Vengeance {Wiz Dex+7}
  2999 | D        | Got the ring of the Tick {rCorr Dex+5}
  3017 | D        | Got the ring "Qehuoji" {Fire Int+6 Dex+3}
  3202 | D        | Entered arena 28.
  3213 | D        | Found the +9 staff of Olgreb {rPois}
  3213 | D        | Reached XP level 20. HP: 157/157 MP: 7/43
  3223 | D        | Found a transporter.
  3243 | D        | Got the +0 pair of boots "Bienen" {Str+5}
  3268 | D        | Got the Orb of Zot
  3273 | D        | Escaped with the Orb!

Levels and vault maps discovered:
D:        sprint_v [room_start, room_1, room_2, room_3, room_4, room_5, room_6,
          room_7, room_8, room_9, room_10, room_11, room_12, room_13, room_14,
          room_15, room_16, room_17, room_18, room_19, room_20, room_21,
          room_22, room_23, room_24, room_25, room_26, room_27]

Skill      XL: |  1  2  3  4  5  6  7  8  9 10 11 12 13 14 15 16 17 18 19 20 |
---------------+-------------------------------------------------------------+-----
Invocations    | 8 11 12 13 15 16 19 22 24 27 | 27.0
Polearms       | 3 7 8 9 10 11 12 | 12.7
Fighting       | 8 10 11 13 15 18 21 24 26 27 | 27.0
Armour         | 21 26 27 | 27.0
Dodging        | 10 17 24 27 | 27.0
Shields        | 22 27 | 27.0
Spellcasting   | 19 22 | 22.8
Conjurations   | 15 | 15.4
Stealth        | |  2.1

Action                   |  1- 3 |  4- 6 |  7- 9 | 10-12 | 13-15 | 16-18 | 19-21 || total
-------------------------+-------+-------+-------+-------+-------+-------+-------++-------
Melee: Lance             |    15 |     4 |    51 |    85 |    92 |    39 |    98 ||   384
Invok: Elemental Force   |     1 |       |       |       |       |       |       ||     1
       Upheaval          |       |       |     2 |     2 |     3 |       |       ||     7
       Disaster Area     |       |       |       |     3 |     7 |     8 |     9 ||    27
 Abil: Fly               |       |       |       |       |     1 |       |       ||     1
  Use: Potion            |     2 |       |     3 |     2 |     3 |       |     2 ||    12
  Eat: Chunk             |       |       |       |       |     4 |     2 |       ||     6
Armor: Gold dragon scale |     8 |     2 |    16 |    27 |    40 |    11 |    35 ||   139
Dodge: Dodged            |       |       |       |     3 |     4 |    12 |   102 ||   121
       Deflected         |       |       |       |       |       |       |     1 ||     1
Block: Large shield      |    15 |     5 |    39 |    71 |    90 |    25 |   233 ||   478
       Reflection        |       |       |       |       |       |     3 |     1 ||     4
